 Dungeon Crawl Stone Soup version 0.19.4-9-g45fd643 (webtiles) character file.

501 vatarom the Zephyrmancer (level 6, 0/45 HPs)
             Began as a Draconian Air Elementalist on Feb 22, 2017.
             Was an Initiate of Vehumet.
             Succumbed to a scorpion's poison
             ... on level 4 of the Dungeon.
             The game lasted 00:18:23 (6159 turns).

vatarom the Zephyrmancer (DrAE)                     Turns: 6159, Time: 00:18:24

Health: 0/45       AC:  7    Str: 11    XL:     6   Next: 95%
Magic:  0/9        EV: 12    Int: 20    God:    Vehumet [......]
Gold:   205        SH:  0    Dex: 11    Spells: 4 memorised, 1 level left

rFire  . . .     SeeInvis .     h - +0 trident
rCold  . . .     Gourm    .     (armour unavailable)
rNeg   . . .     Faith    .     (no shield)
rPois  .         Spirit   .     (helmet restricted)
rElec  .         Reflect  .     g - +0 cloak
rCorr  .         Harm     .     (no gloves)
MR     .....                    (no boots)
Stlth  ++........               (no amulet)
                                (no ring)
                                c - +3 ring of intelligence

@: lethally poisoned (0 -> -7), very slightly contaminated, repel missiles
A: unfitting armour, cold-blooded, AC +6
a: Renounce Religion


You were on level 4 of the Dungeon.
You worshipped Vehumet.
Vehumet was noncommittal.
You were not hungry.

You visited 2 branches of the dungeon, and saw 5 of its levels.

You collected 205 gold pieces.

Inventory:

Hand Weapons
 h - a +0 trident (weapon)
Armour
 g - a +0 cloak (worn)
Jewellery
 c - a +3 ring of intelligence (left hand)
Scrolls
 f - a scroll of remove curse
 j - a scroll of amnesia
 k - 3 scrolls of identify
Books
 a - a book of Air

   Spells                             Type                      Level
   a - Shock                          Conjuration/Air              1
   b - Swiftness                      Charms/Air                   2
   c - Repel Missiles                 Charms/Air                   2
   d - Static Discharge               Conjuration/Air              3
   e - Lightning Bolt                 Conjuration/Air              5


   Skills:
 - Level 1.7 Dodging
 - Level 1.7 Stealth
 - Level 2.0 Spellcasting
 - Level 1.0 Conjurations
 + Level 8.0 Air Magic


You had one spell level left.
You knew the following spells:

 Your Spells              Type           Power        Failure   Level  Hunger
a - Shock                 Conj/Air       ###.         2%          1    #......
b - Repel Missiles        Chrm/Air       ###...       4%          2    ##.....
c - Swiftness             Chrm/Air       ###.....     4%          2    ##.....
d - Static Discharge      Conj/Air       ###.....     10%         3    ###....


Dungeon Overview and Level Annotations

Branches:
Dungeon (4/15)             Temple (1/1) D:4

Altars:
Ashenzari
Cheibriados
Elyvilon
Fedhas
Gozag
Hepliaklqana
Kikubaaqudgha
Nemelex Xobeh
Okawaru
Ru
Sif Muna
Trog
Uskayaw
Vehumet
Xom
Yredelemnul
Zin
The Shining One

Annotations:
D:4 Sigmund


Innate Abilities, Weirdness & Mutations

Your plain brown scales are hard. (AC +6)
You cannot fit into any form of body armour.
You are cold-blooded and may be slowed by cold attacks.


Message History

You aren't carrying any potions.
Casting: Shock
Confirm with . or Enter, or press ? or * to list all spells.
Aiming: Shock
Press: ? - help, Shift-Dir - straight line, f/p - Sigmund
Aim: Sigmund, wielding a scythe, wearing a robe and carrying a wand of flame {zapped: 7} (severely wounded)
The zap hits the scorpion.
The scorpion is severely wounded.
The zap hits Sigmund.
Sigmund is almost dead.
The scorpion stings you.
* * * LOW HITPOINT WARNING * * *
Sigmund hits you but does no damage. The scorpion stings you.
* * * LOW HITPOINT WARNING * * *
You are lethally poisoned!
The scorpion poisons you!
* * * LOW HITPOINT WARNING * * *
You feel sick.
You die...

..#.....#............#.......#
..#.....#.(..........#.......#
....<).#..#########.##..##..##
###################.###'#####
#....#...'......######
##....'...#......#8.._#
#...####.##.##...#....#
####.###.##.##...'....#
#.<..#@........#..###
#.s..#.........#8.#A#
#######..##.s#############
##........##..#
#...........@.# ..
#.............# ...
##.#########.## ..#
######.####.###..##
...............#


You could see Sigmund and a scorpion.

Vanquished Creatures
  2 phantoms (D:4)
  A howler monkey (D:3)
  A hound (D:4)
  A bullfrog skeleton (D:4)
  Ijyb (D:4)
  Robin (D:3)
  3 adders
  4 gnolls
  2 worms (D:2)
  2 dart slugs
  2 leopard geckos (D:1)
  7 orcs
  4 giant cockroaches
  18 goblins
  12 hobgoblins
  A jackal (D:3)
  26 kobolds
  2 quokkas (D:2)
  2 ball pythons
  10 bats
  6 frilled lizards
  9 rats
117 creatures vanquished.

Notes
Turn   | Place    | Note
-------+----------+-------------------------------------------
     0 | D:1      | vatarom the Draconian Air Elementalist began the quest for the Orb.
     0 | D:1      | Reached XP level 1. HP: 14/14 MP: 3/3
   109 | D:1      | Reached XP level 2. HP: 11/20 MP: 1/5
   246 | D:1      | Learned a level 2 spell: Repel Missiles
   249 | D:1      | Learned a level 2 spell: Swiftness
   712 | D:1      | Reached skill level 4 in Air Magic
  1024 | D:1      | Reached XP level 3. HP: 26/26 MP: 4/6
  1260 | D:2      | Found an ancient bone altar of Kikubaaqudgha.
  1355 | D:2      | Noticed Sigmund
  1767 | D:1      | Reached XP level 4. HP: 10/33 MP: 5/7
  1961 | D:2      | Reached skill level 5 in Air Magic
  2116 | D:3      | Noticed Robin
  2546 | D:3      | Found a blossoming altar of Fedhas.
  2559 | D:3      | Killed Robin
  2704 | D:3      | Noticed a big kobold
  3279 | D:3      | Reached XP level 5. HP: 38/38 MP: 5/8
  3374 | D:4      | Reached skill level 6 in Air Magic
  3434 | D:4      | Learned a level 3 spell: Static Discharge
  4210 | D:4      | Noticed an angel
  4211 | D:4      | Found a glowing silver altar of Zin.
  4919 | D:4      | Reached XP level 6. HP: 41/45 MP: 3/9
  5025 | D:4      | Noticed Ijyb
  5035 | D:4      | Killed Ijyb
  5035 | D:4      | Reached skill level 7 in Air Magic
  5518 | D:4      | Found a staircase to the Ecumenical Temple.
  5524 | Temple   | Entered the Ecumenical Temple
  5533 | Temple   | Reached skill level 8 in Air Magic
  5869 | Temple   | Became a worshipper of Vehumet
  6157 | D:4      | HP: 2/45 [scorpion (3)]
  6159 | D:4      | Succumbed to a scorpion's poison

Skill      XL: |  1  2  3  4  5  6 |
---------------+-------------------+-----
Air Magic      | 4 5 6 8 |  8.0
Dodging        | |  1.7
Stealth        | |  1.7
Spellcasting   | |  2.0
Conjurations   | |  1.0

Action                   |  1- 3 |  4- 6 || total
-------------------------+-------+-------++-------
Melee: Unarmed           |    14 |       ||    14
       Tailslap          |    12 |     8 ||    20
       Whip              |    59 |    89 ||   148
       Trident           |       |     2 ||     2
 Cast: Shock             |    56 |   171 ||   227
       Repel Missiles    |     1 |     1 ||     2
       Swiftness         |       |     7 ||     7
       Static Discharge  |       |     3 ||     3
  Use: Scroll            |     5 |     4 ||     9
       Potion            |     2 |     1 ||     3
 Stab: Sleeping          |     2 |       ||     2
  Eat: Chunk             |     3 |     3 ||     6
       Bread ration      |       |     2 ||     2
       Beef jerky        |       |     2 ||     2
       Meat ration       |       |     1 ||     1
Armor: Skin              |    22 |    80 ||   102
Dodge: Dodged            |    71 |   147 ||   218
       Deflected         |     1 |       ||     1
